[Event "Titled Tuesday Blitz April 25 Early 2023"]
[White "Bryant, John Daniel"]
[Black "Rottenwohrer Suarez, Juan"]
[WhiteFideId "2031280"]
[BlackFideId "32068182"]
[WhiteElo "2455"]
[BlackElo "2174"]
[Result "1-0"]
[Round "04"]
[TimeControl "180+2"]
[Date "2023.04.25"]
[WhiteClock "0:00:23"]
[BlackClock "0:00:02"]

1. e4 c5 2. c3 Nf6 3. e5 Nd5 4. Nf3 d6 5. Bc4 Nb6 6. Bb3 c4 7. Bc2 Nc6 8. exd6 Qxd6 9. Na3 e5 10. Qe2 Be6 11. O-O Be7 12. Re1 f6 13. b3 cxb3 14. axb3 O-O 15. Nc4 Nxc4 16. bxc4 Rfe8 17. d4 Bg4 18. Qe4 f5 19. Qd5+ Kh8 20. Nxe5 Qxd5 21. cxd5 Nxe5 22. dxe5 Bc5 23. h3 Bh5 24. Ba3 Rac8 25. Bxf5 1-0


[Site "https://www.chess.com"]

[Event "Titled Tuesday Blitz April 25 Early 2023"]
[White "Harriott, Tyrell"]
[Black "Manukyan, Sargis A."]
[WhiteFideId "2086484"]
[BlackFideId "13303970"]
[WhiteElo "2107"]
[BlackElo "2187"]
[Result "0-1"]
[Round "04"]
[TimeControl "180+2"]
[Date "2023.04.25"]
[WhiteClock "0:00:01"]
[BlackClock "0:00:28"]

1. d4 d5 2. e3 e6 3. Bd3 Nf6 4. f4 Be7 5. Nf3 b6 6. c3 O-O 7. O-O Bb7 8. Nbd2 Ne4 9. Ne5 f5 10. g4 Nd7 11. gxf5 exf5 12. Qh5 Rf6 13. Nxe4 fxe4 14. Bc2 Nxe5 15. dxe5 Rg6+ 16. Kh1 Ba6 17. Rg1 Rxg1+ 18. Kxg1 g6 19. Qg4 Bc8 20. Qg2 Bf5 21. Bb3 Kh8 22. Bd2 c5 23. Be1 d4 24. cxd4 cxd4 25. exd4 Qxd4+ 26. Bf2 Qxb2 27. Rd1 Rd8 28. Bd4 Qxg2+ 29. Kxg2 Kg7 30. e6+ Kh6 31. Be5 Rxd1 32. Bxd1 g5 33. fxg5+ Kxg5 34. Bb3 a5 35. a4 Bc5 36. Kg3 h5 37. h4+ Kg6 38. Kf4 e3 39. Kf3 Bg4+ 40. Kg3 e2 41. Bc3 Bb4 42. Bxb4 axb4 43. e7 e1=Q+ 44. Kf4 Qxe7 45. Bc2+ Kf6 46. Kg3 Qe5+ 47. Kf2 Qe2+ 48. Kg3 Qf3+ 49. Kh2 Qh3+ 50. Kg1 Qg3+ 51. Kf1 Qf3+ 52. Kg1 Bh3 53. Be4 Qxe4 54. Kf2 Qf4+ 55. Ke2 Bf1+ 56. Kd1 Bc4 57. Kc2 Qd4 58. Kc1 Qd3 59. a5 Bb3 0-1


[Site "https://www.chess.com"]

[Event "Titled Tuesday Blitz April 25 Early 2023"]
[White "Kucuksari, Kaan"]
[Black "BenchGM"]
[WhiteFideId "6380166"]
[WhiteElo "2364"]
[BlackElo "2389"]
[Result "1-0"]
[Round "04"]
[TimeControl "180+2"]
[Date "2023.04.25"]
[WhiteClock "0:00:18"]
[BlackClock "0:00:43"]

1. e4 e6 2. d4 d5 3. Nc3 Nf6 4. e5 Nfd7 5. f4 c5 6. Nf3 Nc6 7. Be3 cxd4 8. Nxd4 Qb6 9. Qd2 Qxb2 10. Rb1 Qa3 11. Ncb5 Qxa2 12. Qc1 Qa5+ 13. Bd2 Qd8 14. c4 Nxd4 15. Nxd4 Bc5 16. Be3 O-O 17. cxd5 exd5 18. Bd3 Qa5+ 19. Kf2 Qa4 20. Bb5 Qa5 21. Rd1 a6 22. Bd3 b5 23. Rb3 Qb6 24. Bb1 Nb8 25. Rc3 Bb4 26. Rxc8 Nd7 27. Rc6 Qa5 28. Qc2 g6 29. h4 Nb6 30. Nb3 1-0


[Site "https://www.chess.com"]

[Event "Titled Tuesday Blitz April 25 Early 2023"]
[White "Hoffmann, Asa"]
[Black "Domingo Nunez, Ruben"]
[WhiteFideId "2001470"]
[BlackFideId "22245570"]
[WhiteElo "2117"]
[BlackElo "2404"]
[Result "0-1"]
[Round "04"]
[TimeControl "180+2"]
[Date "2023.04.25"]
[WhiteClock "0:00:19"]
[BlackClock "0:01:24"]

1. d4 g6 2. e4 Bg7 3. Be3 c6 4. Nc3 d5 5. Qd2 dxe4 6. Nxe4 Nf6 7. Nxf6+ exf6 8. Nf3 O-O 9. Bh6 Re8+ 10. Be2 Bxh6 11. Qxh6 Bg4 12. Qf4 Bxf3 13. gxf3 Na6 14. c3 Nc7 15. Qd2 Qe7 16. Kf1 Rad8 17. Re1 Qe6 18. h4 Qxa2 19. h5 g5 20. f4 h6 21. Kg2 Ne6 22. fxg5 fxg5 23. Bg4 Nf4+ 24. Kg3 Qd5 25. Bf3 Qd6 26. Kg4 f5+ 27. Kg3 Nd3+ 28. Kg2 Nxe1+ 29. Rxe1 Rxe1 30. Qxe1 Kf7 31. Bd1 Qd5+ 32. f3 Re8 33. Qd2 Kf6 34. Bc2 Qe6 35. Kf2 Qd6 36. Kg2 Qf4 37. Qd3 Re3 38. Qf1 g4 0-1


[Site "https://www.chess.com"]

[Event "Titled Tuesday Blitz April 25 Early 2023"]
[White "hakanazeri2"]
[Black "Onslow, Alfie"]
[BlackFideId "436976"]
[WhiteElo "2638"]
[BlackElo "2114"]
[Result "1-0"]
[Round "04"]
[TimeControl "180+2"]
[Date "2023.04.25"]
[WhiteClock "0:00:48"]
[BlackClock "0:00:05"]

1. d4 Nf6 2. Nf3 c5 3. g3 cxd4 4. Nxd4 Nc6 5. Bg2 g6 6. O-O Bg7 7. c4 O-O 8. Nc3 a6 9. e4 Nxd4 10. Qxd4 d6 11. Qd3 Be6 12. Bd2 Rc8 13. b3 Nd7 14. Rac1 Ne5 15. Qe2 Qd7 16. Nd5 Bxd5 17. cxd5 Qb5 18. Qxb5 axb5 19. Bg5 f6 20. Be3 Nd3 21. Rxc8 Rxc8 22. Rd1 Ne5 23. Rc1 Rxc1+ 24. Bxc1 b4 25. Bd2 Nd3 26. Bf1 Nc5 27. f3 f5 28. exf5 gxf5 29. Bxb4 Bd4+ 30. Kg2 Na6 31. Bxa6 bxa6 32. f4 Kf7 33. Ba5 e5 34. dxe6+ Kxe6 35. a4 Kd5 36. Kf3 Bb2 37. Bc7 Bc1 38. h3 h5 39. g4 hxg4+ 40. hxg4 fxg4+ 41. Kxg4 Bb2 42. f5 Bf6 43. Kh5 Ke5 44. Kg6 Be7 45. Bb8 Bh4 46. Bc7 Be7 47. b4 Bh4 48. b5 axb5 49. axb5 Kd5 50. b6 Kc6 51. f6 d5 52. f7 Be7 53. Kf5 d4 54. Ke4 Bc5 55. Be5 Kxb6 56. Bxd4 Kc6 57. Bxc5 Kxc5 58. f8=Q+ Kc6 59. Qf6+ 1-0


[Site "https://www.chess.com"]

[Event "Titled Tuesday Blitz April 25 Early 2023"]
[White "Bruedigam, Martin"]
[Black "Rodriguez Santiago, Jaime"]
[WhiteFideId "24608033"]
[BlackFideId "3100898"]
[WhiteElo "2331"]
[BlackElo "2025"]
[Result "1-0"]
[Round "04"]
[TimeControl "180+2"]
[Date "2023.04.25"]
[WhiteClock "0:00:08"]
[BlackClock "0:00:23"]

1. d4 Nf6 2. c4 e6 3. Nc3 d5 4. cxd5 exd5 5. Bg5 c6 6. e3 Be7 7. Bd3 O-O 8. h3 Re8 9. Qc2 Nbd7 10. Nf3 Nf8 11. Bf4 Be6 12. a3 Rc8 13. b4 Bd6 14. Bxd6 Qxd6 15. O-O b5 16. Rfb1 N8d7 17. a4 a6 18. axb5 axb5 19. Ra6 Nb8 20. Ra7 h6 21. Nd2 Nfd7 22. Nb3 Nb6 23. Nc5 Nc4 24. Rba1 Nd7 25. Ne2 Nxc5 26. dxc5 Qe5 27. Qc3 Qg5 28. Kh2 Qh4 29. Ng3 Rcd8 30. Qd4 Qxd4 31. exd4 Bd7 32. Kg1 g6 33. h4 h5 34. Rc7 Nb2 35. Bc2 Rc8 36. Rxd7 Ra8 37. Rxa8 Rxa8 38. Rc7 Ra1+ 39. Kh2 Rc1 40. Bb3 Nd3 41. Rxc6 Nxf2 42. Ne2 Ng4+ 43. Kg3 Rb1 44. Bc2 Rb2 45. Bd3 Rb3 46. Nc1 Rc3 47. Kf4 Rxc1 48. Bxb5 Rc3 49. Rc8+ Kg7 50. Bd7 f6 51. Bxg4 hxg4 52. Kxg4 Kh6 53. b5 f5+ 54. Kf4 Rc4 55. Ke5 Rc3 56. b6 Re3+ 57. Kxd5 f4 58. b7 Rb3 59. b8=Q 1-0


[Site "https://www.chess.com"]

[Event "Titled Tuesday Blitz April 25 Early 2023"]
[White "Nikologorskiy, Konstantin"]
[Black "sebastianmarinp"]
[WhiteFideId "24111708"]
[WhiteElo "2293"]
[BlackElo "2317"]
[Result "1-0"]
[Round "04"]
[TimeControl "180+2"]
[Date "2023.04.25"]
[WhiteClock "0:00:07"]
[BlackClock "0:00:05"]

1. d4 Nf6 2. c4 e6 3. Nf3 Bb4+ 4. Bd2 a5 5. g3 O-O 6. Bg2 d5 7. O-O dxc4 8. Bg5 Nbd7 9. Qc2 Nb6 10. Nc3 h6 11. Bd2 Bd7 12. e4 Bc6 13. Rfe1 a4 14. a3 Be7 15. Rad1 Nbd7 16. e5 Nd5 17. Ne4 b5 18. h4 Bb7 19. Qc1 c5 20. Bxh6 cxd4 21. Rxd4 Qc7 22. Bg5 Nxe5 23. Nxe5 Qxe5 24. Nf6+ Bxf6 25. Rxe5 Bxe5 26. Rg4 f5 27. Qe3 fxg4 28. Qxe5 Rae8 29. Be4 1-0


[Site "https://www.chess.com"]

[Event "Titled Tuesday Blitz April 25 Early 2023"]
[White "TartineDeNutella"]
[Black "Bekkedahl, Zachary"]
[BlackFideId "2069156"]
[WhiteElo "2626"]
[BlackElo "1943"]
[Result "1-0"]
[Round "04"]
[TimeControl "180+2"]
[Date "2023.04.25"]
[WhiteClock "0:01:20"]
[BlackClock "0:00:14"]

1. d4 Nf6 2. c4 g6 3. f3 Bg7 4. e4 d6 5. Nc3 O-O 6. Be3 e5 7. d5 a5 8. Nge2 Na6 9. g4 Nc5 10. Ng3 b6 11. Qd2 Re8 12. Bh6 Bh8 13. h4 a4 14. h5 Qe7 15. Bg5 Bd7 16. Nd1 Bg7 17. Be3 Rab8 18. h6 Bh8 19. g5 Nh5 20. Nxh5 gxh5 21. Rxh5 f5 22. Nf2 Nb7 23. exf5 Bxf5 24. Bd3 Rf8 25. Ne4 Nc5 26. Bxc5 bxc5 27. O-O-O Bg6 28. Rh3 Rf4 29. Rg1 Qf7 30. Qe2 Rf8 31. Nd2 e4 32. Bxe4 a3 33. b3 Bb2+ 34. Kc2 Qe7 35. Qd3 Qe5 36. Re1 Ba1 37. Rb1 Bxe4 38. Nxe4 Bb2 39. Re1 Kh8 40. Nf6 Qxg5 41. Qxh7# 1-0


[Site "https://www.chess.com"]

[Event "Titled Tuesday Blitz April 25 Early 2023"]
[White "mestrefeitosa19"]
[Black "Kozin, Yuri"]
[BlackFideId "4129920"]
[WhiteElo "2227"]
[BlackElo "2621"]
[Result "0-1"]
[Round "04"]
[TimeControl "180+2"]
[Date "2023.04.25"]
[WhiteClock "0:00:03"]
[BlackClock "0:00:07"]

1. c4 c6 2. e4 e5 3. Nc3 Nf6 4. Nf3 Qc7 5. Be2 a5 6. O-O Bc5 7. d4 exd4 8. Nxd4 d6 9. Bg5 Nbd7 10. Nf5 O-O 11. Na4 h6 12. Nxc5 dxc5 13. Bxf6 Nxf6 14. Bf3 Bxf5 15. exf5 Rad8 16. Qb3 Rd4 17. Rac1 Rfd8 18. Qa3 b6 19. Rfd1 Qf4 20. Qb3 Ne4 21. Bxe4 Qxe4 22. Re1 Qxf5 23. Qxb6 Rd2 24. Rf1 a4 25. Qxc6 Rxb2 26. Qxa4 Rdd2 27. Qa8+ Kh7 28. Qf3 Qg5 29. Qe4+ g6 30. Qe8 Qf6 31. Qe3 Rxa2 32. Qxc5 h5 33. Qe3 h4 34. c5 Qc6 35. Qf4 h3 36. Qxf7+ Kh6 37. Qf4+ Kg7 38. Qe5+ Kh7 39. Qe7+ Kg8 40. gxh3 Rd5 41. Qh4 Rad2 0-1


[Site "https://www.chess.com"]

[Event "Titled Tuesday Blitz April 25 Early 2023"]
[White "Sailer, Mike"]
[Black "Sielecki, Christof"]
[WhiteFideId "2012901"]
[BlackFideId "4620437"]
[WhiteElo "2109"]
[BlackElo "2443"]
[Result "0-1"]
[Round "04"]
[TimeControl "180+2"]
[Date "2023.04.25"]
[WhiteClock "0:01:01"]
[BlackClock "0:01:29"]

1. d4 d5 2. Bg5 h6 3. Bh4 c5 4. dxc5 g5 5. Bg3 Bg7 6. c3 Na6 7. e3 Nxc5 8. Bb5+ Bd7 9. Qxd5 Bxb5 10. Qxc5 Bf1 11. Na3 Bxg2 12. Rd1 Qc8 13. Qc4 Qxc4 14. Nxc4 Bxh1 0-1


[Site "https://www.chess.com"]

[Event "Titled Tuesday Blitz April 25 Early 2023"]
[White "Steinberg, Nitzan"]
[Black "Stanisz, Patryk"]
[WhiteFideId "2801795"]
[BlackFideId "1123106"]
[WhiteElo "2486"]
[BlackElo "2069"]
[Result "1-0"]
[Round "04"]
[TimeControl "180+2"]
[Date "2023.04.25"]
[WhiteClock "0:00:24"]
[BlackClock "0:00:01"]

1. Nf3 d5 2. d4 Nf6 3. c4 c6 4. Nc3 e6 5. e3 Nbd7 6. Qc2 Bd6 7. Bd3 O-O 8. O-O b6 9. b3 Bb7 10. Bb2 Qe7 11. e4 dxe4 12. Nxe4 Nxe4 13. Bxe4 Nf6 14. Bd3 Rfd8 15. Rfe1 h6 16. Rad1 Qc7 17. Ne5 c5 18. dxc5 Bxc5 19. h3 Rac8 20. Re2 Qe7 21. Bc3 Bb4 22. Bxb4 Qxb4 23. Rde1 Rd4 24. Qb2 Rcd8 25. a3 Qe7 26. Bb1 Qc7 27. b4 Rd1 28. Qc3 Qd6 29. Bc2 Rxe1+ 30. Rxe1 Qc7 31. Bb1 Rd6 32. Bc2 Qd8 33. c5 bxc5 34. bxc5 Rd4 35. c6 Bc8 36. c7 Qd6 37. Nc6 Rd5 38. Nxa7 Qd7 39. Ba4 Qd6 40. Nxc8 1-0


[Site "https://www.chess.com"]

[Event "Titled Tuesday Blitz April 25 Early 2023"]
[White "Kubicka, Anna"]
[Black "Salinas Herrera, Pablo"]
[WhiteFideId "1152254"]
[BlackFideId "3407128"]
[WhiteElo "2144"]
[BlackElo "2546"]
[Result "0-1"]
[Round "04"]
[TimeControl "180+2"]
[Date "2023.04.25"]
[WhiteClock "0:00:02"]
[BlackClock "0:00:39"]

1. e4 c5 2. Ne2 Nc6 3. g3 g6 4. Bg2 Bg7 5. O-O d6 6. c3 e5 7. Na3 Nge7 8. Nc2 O-O 9. d4 exd4 10. cxd4 Bg4 11. f3 Bc8 12. Be3 b6 13. Rc1 Ba6 14. Rf2 Re8 15. b3 Rc8 16. Nc3 Qc7 17. Rd2 Rcd8 18. Bf1 Bxf1 19. Qxf1 Qb7 20. Nb5 a6 21. Nba3 d5 22. dxc5 dxe4 23. Rxd8 Rxd8 24. fxe4 Ne5 25. Qg2 bxc5 26. Bxc5 Rd2 27. Qf1 Qxe4 28. Ne1 Nf5 29. Bf2 h5 30. Nc4 Rxa2 31. Nxe5 Qxe5 32. Rc8+ Kh7 33. Nd3 Qe4 34. Nc5 Qf3 0-1


[Site "https://www.chess.com"]

[Event "Titled Tuesday Blitz April 25 Early 2023"]
[White "koncheto"]
[Black "Hambleton, Aman"]
[BlackFideId "2606577"]
[WhiteElo "2507"]
[BlackElo "2511"]
[Result "0-1"]
[Round "04"]
[TimeControl "180+2"]
[Date "2023.04.25"]
[WhiteClock "0:00:02"]
[BlackClock "0:00:04"]

1. e4 b6 2. d4 Bb7 3. Bd3 e6 4. Qe2 d5 5. e5 c5 6. c3 Qc8 7. f4 Ba6 8. Nf3 Bxd3 9. Qxd3 Qa6 10. Qe3 Ne7 11. Nh4 cxd4 12. cxd4 Nbc6 13. Bd2 Qa4 14. Bc3 Nb4 15. Bxb4 Qxb4+ 16. Nd2 g6 17. O-O Bh6 18. Rfc1 O-O 19. g4 Rfc8 20. Nhf3 a5 21. Kg2 a4 22. Kg3 Rxc1 23. Rxc1 Qxb2 24. Rb1 Qxa2 25. Rxb6 a3 26. Rb7 Bf8 27. f5 exf5 28. e6 f6 29. g5 fxg5 30. Qxg5 f4+ 31. Kh3 Qc2 32. Rxe7 Bxe7 33. Qxe7 Qf5+ 34. Kg2 a2 35. Nb3 Qf8 36. Qb7 a1=Q 37. Nxa1 Rxa1 38. Qxd5 Qe7 39. Qe5 Ra2+ 40. Kh3 Ra6 41. d5 Qd6 42. Qf6 Ra7 43. Ne5 Qxd5 44. e7 Qb3+ 45. Kh4 Ra8 46. Nxg6 Qf7 47. Qxf7+ Kxf7 48. Nxf4 Kxe7 49. Kg3 Kf7 50. Ng2 Ra3+ 51. Kg4 Kg6 52. Nf4+ Kf6 53. Ng2 Ra4+ 54. Kg3 Kg5 55. Ne1 Ra3+ 56. Nf3+ Kf5 57. Kg2 Kf4 58. Ng1 Kg4 59. Ne2 Ra2 60. Kf2 Kh3 61. Kf3 Kxh2 62. Nf4 Ra3+ 63. Kg4 Ra5 64. Nh5 Kg1 65. Nf6 h6 66. Kh4 Rg5 67. Ng4 Rg6 68. Kh5 Rg5+ 69. Kh4 Kg2 70. Nxh6 Rg6 71. Ng4 Rg8 72. Nf6 Rf8 73. Kg5 Kf3 74. Kf5 Ra8 75. Ke5 Ra5+ 76. Nd5 Rb5 77. Kd6 Rb1 78. Ke5 Rh1 79. Kd6 Rh5 80. Kc5 Ke4 81. Kc4 Rxd5 0-1


[Site "https://www.chess.com"]

[Event "Titled Tuesday Blitz April 25 Early 2023"]
[White "Rios Escobar, Adan"]
[Black "Gunina, Valentina"]
[WhiteFideId "3403645"]
[BlackFideId "4167570"]
[WhiteElo "2490"]
[BlackElo "2352"]
[Result "0-1"]
[Round "04"]
[TimeControl "180+2"]
[Date "2023.04.25"]
[WhiteClock "0:00:03"]
[BlackClock "0:00:37"]

1. d4 d5 2. g3 Nf6 3. Nf3 Bf5 4. c4 c6 5. Nc3 h6 6. Qb3 Qb6 7. cxd5 cxd5 8. Qxb6 axb6 9. e3 e6 10. Bb5+ Nc6 11. Ne5 Rc8 12. Na4 Bb4+ 13. Bd2 Bxd2+ 14. Kxd2 Ne4+ 15. Ke2 Ke7 16. Nxb6 Nxe5 17. Nxc8+ Rxc8 18. dxe5 Rc2+ 19. Ke1 Nxf2 20. Rf1 Ng4 21. Be2 Nxe3 22. Rf3 d4 23. Rf2 Rxb2 24. Rc1 g5 25. a4 b6 26. Bf3 Rb4 27. Ra2 Kf8 28. a5 bxa5 29. Rxa5 Kg7 30. Ra7 Nc4 31. Be2 Nxe5 32. h4 d3 33. Bd1 Rb2 34. Rcc7 Rg2 35. hxg5 hxg5 36. Bh5 d2+ 37. Kd1 Kh6 38. Be2 Be4 39. g4 Bf3 40. Bxf3 Nxf3 41. Ra3 Rg1+ 42. Ke2 d1=Q+ 43. Kf2 Qe1+ 44. Kxf3 Rg3# 0-1


[Site "https://www.chess.com"]

[Event "Titled Tuesday Blitz April 25 Early 2023"]
[White "Starozhilov, Leonid"]
[Black "Shuvalov, Evgenij"]
[WhiteFideId "14106752"]
[BlackFideId "4187237"]
[WhiteElo "2352"]
[BlackElo "2080"]
[Result "1-0"]
[Round "04"]
[TimeControl "180+2"]
[Date "2023.04.25"]
[WhiteClock "0:00:11"]
[BlackClock "0:00:59"]

1. e4 e6 2. d3 d5 3. Nd2 c5 4. Ngf3 Nc6 5. c3 Nf6 6. e5 Nd7 7. d4 Qb6 8. Nb1 g6 9. Be2 Bg7 10. O-O O-O 11. a3 c4 12. Qc2 Na5 13. Nbd2 Qc6 14. Re1 Nb6 15. Nf1 Bd7 16. Bg5 Qa4 17. Qb1 Nb3 18. Ra2 Rae8 19. Bd1 Qc6 20. N1d2 Nxd2 21. Bxd2 Qc7 22. Ra1 Ba4 23. Be2 f6 24. Bf4 f5 25. h4 h6 26. Qc1 Kh7 27. g3 Rh8 28. Kg2 Kg8 29. Rh1 Kf7 30. h5 g5 31. Nxg5+ hxg5 32. Bxg5 Reg8 33. h6 Bxe5 34. dxe5 Qxe5 35. Bf3 Bc6 36. Bf4 Qf6 37. Bh5+ Ke7 38. Bf3 e5 39. Bxe5 Qxe5 40. Re1 Qxe1 41. Qxe1+ Kd7 42. Qe3 d4 43. Qxd4+ Kc8 44. Bxc6 bxc6 45. Qf6 Kb7 46. Re1 Rh7 47. Re7+ Rxe7 48. Qxe7+ Ka6 49. h7 Rh8 50. Qg7 Re8 51. h8=Q Rxh8 52. Qxh8 Nd5 53. Qd4 Kb5 54. a4+ Kxa4 55. Qxc4+ Ka5 56. Qxc6 Nb6 57. b4+ Ka6 58. c4 f4 59. Qb5+ Kb7 60. c5 fxg3 61. cxb6 axb6 62. Qd7+ Ka6 63. Qa4+ Kb7 64. b5 gxf2 65. Qc4 f1=Q+ 66. Kxf1 Kb8 67. Qf7 Ka8 68. Kf2 Kb8 69. Kf3 Ka8 70. Ke4 Kb8 71. Kd5 Ka8 72. Kc6 Kb8 73. Qg7 Ka8 74. Kxb6 Kb8 75. Qc7+ Ka8 76. Qc6+ Kb8 77. Qb7# 1-0


[Site "https://www.chess.com"]

[Event "Titled Tuesday Blitz April 25 Early 2023"]
[White "Khamdamova, Afruza"]
[Black "Halkias, Stelios"]
[WhiteFideId "14210444"]
[BlackFideId "4201809"]
[WhiteElo "2210"]
[BlackElo "2451"]
[Result "0-1"]
[Round "04"]
[TimeControl "180+2"]
[Date "2023.04.25"]
[WhiteClock "0:00:32"]
[BlackClock "0:00:18"]

1. e4 c6 2. d4 d5 3. Nc3 dxe4 4. Nxe4 Nf6 5. Qd3 Nxe4 6. Qxe4 Nd7 7. Nf3 Nf6 8. Qd3 g6 9. Be2 Bg7 10. O-O Bf5 11. Qb3 Qc7 12. c3 O-O 13. Bg5 a5 14. a4 Rfe8 15. Bc4 e6 16. Ne5 Ne4 17. Bf4 g5 18. Be3 Bxe5 19. dxe5 Qxe5 20. Rae1 Qd6 21. Rd1 Qe7 22. f3 Nc5 23. Qa3 b6 24. b3 h6 25. Qc1 Rad8 26. h4 f6 27. hxg5 hxg5 28. Qa3 Kg7 29. Kf2 Rh8 30. b4 Nd3+ 31. Bxd3 Bxd3 32. Bxb6 Bxf1 33. Bxd8 Qa7+ 34. Kg3 Qb8+ 35. Kf2 Qa7+ 36. Kxf1 Qe3 37. Rd7+ Kg6 0-1


[Site "https://www.chess.com"]

[Event "Titled Tuesday Blitz April 25 Early 2023"]
[White "Rendle, Thomas E"]
[Black "Kubatko, Ivan"]
[WhiteFideId "408760"]
[BlackFideId "24111473"]
[WhiteElo "2428"]
[BlackElo "2285"]
[Result "1-0"]
[Round "04"]
[TimeControl "180+2"]
[Date "2023.04.25"]
[WhiteClock "0:00:54"]
[BlackClock "0:00:16"]

1. e4 d5 2. exd5 Qxd5 3. Nf3 Nf6 4. d4 Bg4 5. Be2 Nc6 6. Be3 O-O-O 7. Nbd2 Qf5 8. c4 Nb4 9. O-O Nd3 10. Qa4 a6 11. Bxd3 Qxd3 12. Ne5 Qf5 13. Nxf7 Rg8 14. Nxd8 Kxd8 15. f3 Bh5 16. Rac1 g5 17. Qc2 Qd7 18. Ne4 Bg6 19. Nc5 Qc8 20. Qe2 b6 21. Ne4 h6 22. Bf2 Bg7 23. Rce1 Re8 24. Bg3 Nh5 25. Be5 Bf8 26. d5 Qd7 27. c5 b5 28. Rd1 Qf5 29. Ng3 Qf7 30. Nxh5 Bxh5 31. Bg3 Bg6 32. Qe5 1-0


[Site "https://www.chess.com"]

[Event "Titled Tuesday Blitz April 25 Early 2023"]
[White "Nouri, Alekhine"]
[Black "Akylbek2021"]
[WhiteFideId "5216184"]
[WhiteElo "2151"]
[BlackElo "2455"]
[Result "0-1"]
[Round "04"]
[TimeControl "180+2"]
[Date "2023.04.25"]
[WhiteClock "0:00:07"]
[BlackClock "0:00:33"]

1. e4 c5 2. Nc3 Nc6 3. Bb5 Nd4 4. Nf3 e6 5. O-O a6 6. Bd3 Nc6 7. a3 Nf6 8. e5 Nd5 9. Nxd5 exd5 10. c4 dxc4 11. Bxc4 d5 12. exd6 Bxd6 13. Re1+ Be7 14. d4 O-O 15. d5 Nd4 16. Nxd4 cxd4 17. Qxd4 Bf6 18. Qd3 b5 19. Bb3 Bb7 20. Bf4 Rc8 21. d6 Bxb2 22. d7 Ra8 23. Rab1 Bf6 24. Rbc1 Qb6 25. Be3 Qa5 26. Bc5 Rfd8 27. Qd6 b4 28. axb4 Qb5 29. Rcd1 Qc6 30. Qg3 Rxd7 31. Rxd7 Qxd7 32. h4 Re8 33. Rxe8+ Qxe8 34. Qc7 Qe1+ 35. Kh2 Be5+ 0-1


[Site "https://www.chess.com"]

[Event "Titled Tuesday Blitz April 25 Early 2023"]
[White "Dudzinski, Pawel"]
[Black "Borgaonkar Akshay"]
[WhiteFideId "1117890"]
[BlackFideId "25639110"]
[WhiteElo "2099"]
[BlackElo "2063"]
[Result "0-1"]
[Round "04"]
[TimeControl "180+2"]
[Date "2023.04.25"]
[WhiteClock "0:00:27"]
[BlackClock "0:00:05"]

1. e4 g6 2. Nc3 Bg7 3. g3 d6 4. Bg2 c5 5. d3 Nc6 6. Be3 Nf6 7. h3 h5 8. Nge2 Bd7 9. d4 cxd4 10. Nxd4 Rc8 11. O-O h4 12. g4 a6 13. Nce2 Ne5 14. b3 Nfxg4 15. hxg4 h3 16. Bf3 h2+ 17. Kg2 Nxf3 18. Kxf3 e5 19. Nf5 gxf5 20. gxf5 Bc6 21. Ng3 d5 22. Kg2 d4 23. Bd2 Qh4 24. Qf3 Bb5 25. c4 dxc3 26. Bxc3 Bxf1+ 27. Rxf1 Qh3+ 28. Kh1 Bf6 29. Rd1 Qh6 30. Qd3 O-O 31. Qf3 Rfd8 32. Rxd8+ Rxd8 33. Nh5 Bg5 34. f6 Bf4 35. Nxf4 Qxf4 36. Qg2+ Kf8 37. Bb4+ Ke8 38. Qg8+ Kd7 39. Qxf7+ Kc8 40. Qe6+ Kb8 41. Bd6+ Ka8 42. f7 Qf3+ 43. Kxh2 Rh8+ 44. Qh6 Rxh6+ 45. Kg1 Rh1# 0-1


[Site "https://www.chess.com"]

[Event "Titled Tuesday Blitz April 25 Early 2023"]
[White "Souleidis, Georgios"]
[Black "Vivas Zamora, Fabian Ernesto"]
[WhiteFideId "4206827"]
[BlackFideId "3902480"]
[WhiteElo "2401"]
[BlackElo "2262"]
[Result "1-0"]
[Round "04"]
[TimeControl "180+2"]
[Date "2023.04.25"]
[WhiteClock "0:00:14"]
[BlackClock "0:00:01"]

1. e4 e5 2. Nc3 Nf6 3. d4 exd4 4. Qxd4 Nc6 5. Qd3 Bc5 6. Bf4 d6 7. Qd2 O-O 8. O-O-O Be6 9. f3 Ne5 10. Kb1 c6 11. Nge2 Nc4 12. Qd3 b5 13. Nd4 Bxd4 14. Qxd4 Qa5 15. Bxc4 Bxc4 16. b3 Be6 17. Bxd6 Rfd8 18. Qb4 Qb6 19. Qc5 Qb7 20. Be7 Rxd1+ 21. Rxd1 Nd7 22. Qd6 a5 23. Ne2 a4 24. Nf4 axb3 25. Nxe6 bxc2+ 26. Kxc2 Rxa2+ 27. Kd3 b4 28. Ke3 fxe6 29. Qxe6+ Kh8 30. Qxd7 Qb6+ 31. Qd4 1-0


[Site "https://www.chess.com"]

[Event "Titled Tuesday Blitz April 25 Early 2023"]
[White "KorolDimitriy75"]
[Black "Chernobay, Artem"]
[BlackFideId "4167406"]
[WhiteElo "2423"]
[BlackElo "2474"]
[Result "1-0"]
[Round "04"]
[TimeControl "180+2"]
[Date "2023.04.25"]
[WhiteClock "0:00:08"]
[BlackClock "0:00:01"]

1. d4 Nf6 2. c4 c5 3. d5 b5 4. Nd2 g6 5. b3 Bg7 6. Bb2 O-O 7. e4 e6 8. Bd3 bxc4 9. bxc4 exd5 10. exd5 Ba6 11. Ne2 Re8 12. O-O d6 13. Re1 Nbd7 14. Nf3 Rb8 15. Bc3 Nb6 16. Qc2 Nfd7 17. Bxg7 Kxg7 18. Ng3 Kg8 19. Ne4 Nf6 20. Nfg5 h6 21. Nxf6+ Qxf6 22. Ne4 Qe5 23. h3 f5 24. Ng3 Qd4 25. Bf1 Kg7 26. Rad1 Qf6 27. Bd3 Kf8 28. Qd2 Kg7 29. Qc2 Kh7 30. h4 Qxh4 31. Bxf5 Qf6 32. Bd3 Kg7 33. Ne4 Qe5 34. Ng3 Qxe1+ 35. Rxe1 Rxe1+ 36. Kh2 Rf8 37. Qc3+ Re5 38. f3 Kh7 39. Qc2 Rf6 40. Ne4 Rf4 41. Nxd6 Rh4+ 42. Kg3 Rd4 43. Bxg6+ Kh8 44. Nf5 Rxc4 45. Qb2 Nd7 46. Qa3 Bc8 47. Qxa7 Rd4 48. Qc7 Rdxd5 49. Qxc8+ 1-0


[Site "https://www.chess.com"]

[Event "Titled Tuesday Blitz April 25 Early 2023"]
[White "Orujov2008"]
[Black "Williams, Simon K"]
[BlackFideId "404454"]
[WhiteElo "2412"]
[BlackElo "2468"]
[Result "0-1"]
[Round "04"]
[TimeControl "180+2"]
[Date "2023.04.25"]
[WhiteClock "0:00:03"]
[BlackClock "0:00:21"]

1. e4 d6 2. d4 Nf6 3. Nc3 Nbd7 4. Nf3 e5 5. Bc4 Be7 6. O-O c6 7. a4 Qc7 8. h3 h6 9. Be3 g5 10. Qe2 Rg8 11. dxe5 dxe5 12. Bb3 Nf8 13. Rad1 g4 14. hxg4 Bxg4 15. Kh1 Ne6 16. Rd2 Nh5 17. Bxe6 Bxe6 18. Rfd1 Bg4 19. Nb1 Qc8 20. Rd3 Qe6 21. Nbd2 Kf8 22. Qf1 Kg7 23. Qg1 Kh7 24. Qh2 Rg7 25. Qxe5 Qxe5 26. Nxe5 Bxd1 27. Rd7 Re8 28. c3 Nf6 29. Rxb7 Ng4 30. Bxa7 Nxe5 31. Bb6 Bf6 32. a5 Reg8 33. a6 Rxg2 34. a7 Rg1+ 35. Kh2 R8g2+ 36. Kh3 Bg4# 0-1


[Site "https://www.chess.com"]

[Event "Titled Tuesday Blitz April 25 Early 2023"]
[White "Kim, Sergey"]
[Black "Lach, Aleksandra"]
[WhiteFideId "13700570"]
[BlackFideId "1134299"]
[WhiteElo "2624"]
[BlackElo "2111"]
[Result "1-0"]
[Round "04"]
[TimeControl "180+2"]
[Date "2023.04.25"]
[WhiteClock "0:00:28"]
[BlackClock "0:00:08"]

1. d4 f5 2. c4 Nf6 3. g3 g6 4. Bg2 Bg7 5. Nf3 O-O 6. O-O d6 7. Nc3 c6 8. Re1 Ne4 9. Qc2 Nxc3 10. Qxc3 Nd7 11. b3 e5 12. e3 e4 13. Nd2 d5 14. Ba3 Rf7 15. cxd5 cxd5 16. Rac1 Nf6 17. f3 Be6 18. Qb4 b6 19. Qb5 Bd7 20. Qa6 Bc8 21. Qe2 a5 22. Rc6 Ba6 23. Qd1 Ne8 24. fxe4 fxe4 25. Bh3 Bb5 26. Rc1 Bd7 27. Bg4 Nf6 28. Bxd7 Qxd7 29. Qe2 b5 30. Bc5 h5 31. Rf1 Bh6 32. Rf2 Ng4 33. Rxf7 Qxf7 34. Nf1 b4 35. h3 Nf6 36. Rc2 Qe6 37. Kg2 Kh7 38. Qb5 Rg8 39. Rf2 Rg7 40. Qxa5 Nd7 41. Qxb4 Nf6 42. Qb6 Qxb6 43. Bxb6 Nd7 44. Ba5 Nb8 45. Bb4 Rb7 46. Bc5 Na6 47. b4 Bg7 48. Rc2 Rb8 49. a4 Nxb4 50. Rb2 Na6 51. Rxb8 Nxb8 52. a5 Na6 53. Nd2 Bf6 54. Nb3 Kg7 55. Bb6 Be7 56. Nc5 Bxc5 57. dxc5 Nb8 58. Bc7 Nc6 59. a6 Kf7 60. Bb6 Ke7 61. a7 Nxa7 62. Bxa7 Kd7 63. Kf2 Kc6 64. Ke2 g5 1-0


[Site "https://www.chess.com"]